 Dungeon Crawl Stone Soup version 0.21.1-1-g345015fe64 (webtiles) character file.

20 Lavandula the Magician (level 2, 15/19 HPs)
             Began as a Barachi Earth Elementalist on July 19, 2018.
             Quit the game on level 3 of the Dungeon.
             The game lasted 00:03:58 (481 turns).

Lavandula the Magician (Barachi Earth Elementalist)  Turns: 481, Time: 00:03:59

Health: 15/19      AC:  2    Str:  9    XL:     2   Next: 79%
Magic:  0/6        EV: 12    Int: 15    God:
Gold:   25         SH:  3    Dex: 12    Spells: 6/7 levels left

rFire    . . .     SeeInvis .   k - +0 dagger
rCold    . . .     Gourm    .   (no shield)
rNeg     . . .     Faith    .   c - +0 robe
rPois    .         Spirit   .   (no helmet)
rElec    .         Reflect  +   (no cloak)
rCorr    .         Harm     .   (no gloves)
MR       .....                  (no boots)
Stlth    ++........             j - +3 amulet of reflection
HPRegen  0.06/turn              (no ring)
MPRegen  0.10/turn              (no ring)

@: can't hop, slow
A: +LOS, swims, slowness 1, strong legs 1
a: Hop


You were on level 3 of the Dungeon.
You were not hungry.

You visited 1 branch of the dungeon, and saw 3 of its levels.

You collected 25 gold pieces.

Inventory:

Hand Weapons
 i - a +0 mace
 k - a +0 dagger (weapon)
Missiles
 b - 5 stones (quivered)
Armour
 c - a +0 robe (worn)
Jewellery
 j - a +3 amulet of reflection (around neck)
Scrolls
 a - 3 scrolls of identify {unknown}
 g - 2 scrolls of teleportation {unknown}
 h - a scroll of remove curse {unknown}
 l - a scroll of fog {unknown}
Potions
 m - a potion of lignification {unknown}
Books
 e - a book of Geomancy

   Spells                             Type                      Level
   a - Sandblast                      Earth                        1
   b - Passwall                       Transmutation/Earth          2
   c - Stone Arrow                    Conjuration/Earth            3
   d - Petrify                        Transmutation/Earth          4
   e - Lee's Rapid Deconstruction     Earth                        5
Comestibles
 d - 3 rations


   Skills:
 - Level 2.1 Dodging
 - Level 1.7 Stealth
 + Level 3.4 Spellcasting
   Level 1.1 Transmutations
 - Level 3.0 Earth Magic


You had 6 spell levels left.
You knew the following spells:

 Your Spells              Type           Power        Failure   Level  Hunger
a - Sandblast             Erth           ##....       5%          1    None


Dungeon Overview and Level Annotations

Branches:
Dungeon (3/15)

Altars:
Uskayaw


Innate Abilities, Weirdness & Mutations

Shadows flee at your approach. (+LOS)
You can swim through water.
You cover ground slowly.
You can hop short distances.


Message History

Press: ? - help, Shift-Dir - straight line, f - orc
Aim: an orc, wielding a dagger and wearing a chain mail The blast of sand hits the orc.
b - 7 stones
Casting: Sandblast
Confirm with . or Enter, or press ? or * to list all spells.
Aiming: Sandblast
Press: ? - help, Shift-Dir - straight line, f/p - orc
Aim: an orc, wielding a dagger and wearing a chain mail The blast of sand hits the orc.
b - 6 stones
Casting: Sandblast
Confirm with . or Enter, or press ? or * to list all spells.
Aiming: Sandblast
Press: ? - help, Shift-Dir - straight line, f/p - orc
Aim: an orc, wielding a dagger and wearing a chain mail The blast of sand hits the orc.
b - 5 stones The orc hits you but does no damage.
Are you sure you want to abandon this character and quit the game? (Confirm with "yes".)

#.# #.# #.# #.#
#.# #.#
#.########.# #.#
#.#......#.# #.#
#.#.####.#)# #.#
#.#.# #.#.###.###
#.#.# #.#.....#..
#o#.# #.#######.#
#@#.# #.#####.#.#
#.#.# #......<#..
#.#.##############
#.#.#.............
#.#.#.#########.##
#.#.#......)..#...
#.#...######.#####
#.....<.........[.
######.#.###.#####


You could see an orc.

Vanquished Creatures
  A leopard gecko (D:1)
  5 goblins
  4 hobgoblins
  2 kobolds (D:2)
  A quokka (D:2)
  A bat (D:2)
  A rat (D:3)
15 creatures vanquished.

Notes
Turn   | Place    | Note
-------+----------+-------------------------------------------
     0 | D:1      | Lavandula the Barachi Earth Elementalist began the quest for the Orb.
     0 | D:1      | Reached XP level 1. HP: 13/13 MP: 3/3
   120 | D:1      | Reached XP level 2. HP: 12/19 MP: 0/5
   219 | D:2      | Found a hide-covered altar of Uskayaw.
   481 | D:3      | Quit the game

Skill      XL: |  1  2 |
---------------+-------+-----
Spellcasting   | 3 |  3.4
Dodging        | |  2.1
Stealth        | |  1.7
Transmutations | |  1.1
Earth Magic    | |  3.0

Action                   || total
-------------------------++-------
Melee: Unarmed           ||     5
       Dagger            ||    11
       Mace              ||     1
 Cast: Sandblast         ||    29
 Abil: Hop               ||     3
  Use: Potion            ||     1
 Stab: Sleeping          ||     1
Armor: Robe              ||     1
Dodge: Dodged            ||    12
Block: Other             ||     3
